 Dungeon Crawl Stone Soup version 0.26-a0-958-gf3041fb45f (webtiles) character file.

Game seed: 16189493345921646150

725 Dracia the Grasshopper (level 7, -1/50 HPs)
             Began as a Demonspawn Warper on Dec 1, 2020.
             Was a Follower of Lugonu.
             Slain by an iguana (11 damage)
             ... on level 5 of the Dungeon.
             The game lasted 00:11:09 (6894 turns).

Dracia the Grasshopper (Demonspawn Warper)          Turns: 6894, Time: 00:11:09

Health: -1/50      AC: 10    Str: 12    XL:     7   Next: 43%
Magic:  10/10      EV: 11    Int: 16    God:    Lugonu [*.....]
Gold:   387        SH:  0    Dex: 12    Spells: 2/10 levels left

rFire    . . .     SeeInvis .   a - +1 spear
rCold    . . .     Faith    .   (no shield)
rNeg     . . .     Spirit   .   b - +1 leather armour
rPois    .         Reflect  .   (no helmet)
rElec    .         Harm     .   (no cloak)
rCorr    .         Rampage  .   (no gloves)
MR       .....                  (no boots)
Stlth    +.........             (no amulet)
HPRegen  0.16/turn              (no ring)
MPRegen  0.12/turn              (no ring)

@: sanguine armour
A: hooves 1, rot immunity, sanguine armour 1
a: Depart the Abyss, Renounce Religion


You were on level 5 of the Dungeon.
You worshipped Lugonu.
Lugonu was aware of your devotion.
You visited 2 branches of the dungeon, and saw 6 of its levels.

You collected 387 gold pieces.


Innate Abilities, Weirdness & Mutations

You have large cloven feet.
You are immune to rotting.
When seriously injured, your bleeding wounds create armour. (AC +6)


   Skills:
 - Level 2.0 Fighting
 + Level 5.5 Polearms
 - Level 0.8 Throwing
 - Level 0.8 Armour
 - Level 1.7 Dodging
 - Level 2.0 Spellcasting
 + Level 6.0 Translocations


You had 2 spell levels left.
You knew the following spells:

 Your Spells              Type           Power        Failure   Level
a - Blink                 Tloc           N/A          3%          2
b - Gell's Gravitas       Tloc           ###.......   7%          3
c - Lesser Beckoning      Tloc           ###.......   7%          3

Your spell library contained the following spells:

 Spells                   Type           Power        Failure   Level
 Teleport Other           Tloc           ###.....     7%          3
 Passage of Golubria      Tloc           N/A          22%         4

Inventory:

Hand Weapons
 a - a +1 spear (weapon)
Missiles
 e - 5 boomerangs of dispersal (quivered) {=f}
Armour
 b - a +1 leather armour (worn)
Wands
 k - a wand of disintegration (9)
 o - a wand of random effects (12)
Scrolls
 c - a scroll of amnesia
 d - a scroll of blinking
 f - a scroll of identify {@r1}
 g - 2 scrolls of fear
 h - 3 scrolls of enchant armour
 i - a scroll of noise
 m - a scroll of random uselessness
 n - 3 scrolls of teleportation {@r4}
Potions
 j - a potion of magic {unknown}
 l - a potion of flight

Dungeon Overview and Level Annotations

Branches:
Dungeon (5/15)             Temple (1/1) D:4

Altars:
Ashenzari
Cheibriados
Elyvilon
Gozag
Hepliaklqana
Nemelex Xobeh
Okawaru
Qazlal
Wu Jian
Xom
Yredelemnul
Zin
The Shining One
Lugonu

Annotations:
D:3 1 runed translucent door

..#..#.# #..
#.......# ##...#.#
### #######.#
#....#.# .. #.#
.....#.# #. #.#
####.#.. #. #.#
#.)..### # #. #.#
#.#### .(. #) #.#
#.#
#....#l#########.#
..# #..@.........#
### #.############
.. ... ... .. #


You could see an iguana.


Message History

Press: ? - help, Dir - move target, f/p - gnoll
Aim: a gnoll, wielding a +0 whip You puncture the gnoll!
The gnoll is severely wounded.
The gnoll closely misses you.
Reach: a) +1 spear
Press: ? - help, Dir - move target, f/p - gnoll
Aim: a gnoll, wielding a +0 whip (severely wounded)
You hit the gnoll. You kick the gnoll.
The gnoll is almost dead.
The gnoll closely misses you.
Reach: a) +1 spear
Press: ? - help, Dir - move target, f/p - gnoll
Aim: a gnoll, wielding a +0 whip (almost dead)
You barely miss the gnoll. You kick the gnoll.
You kill the gnoll!
Lugonu accepts your kill.
Your Translocations skill increases to level 6!
Reach: a) +1 spear
Press: ? - help, Dir - move target, f - iguana
Aim: an iguana
Okay, then.
You hit the iguana but do no damage. You hit the iguana.
The iguana is moderately wounded.
The iguana closely misses you.
You hit the iguana but do no damage.
The iguana is moderately wounded.
The iguana bites you!
You die...

Skill      XL: |  1  2  3  4  5  6  7 |
---------------+----------------------+-----
Polearms       | 2 3 4 5 |  5.5
Translocations | 3 4 5 6 |  6.0
Fighting       | |  2.0
Throwing       | |  0.8
Armour         | |  0.8
Dodging        | |  1.7
Spellcasting   | |  2.0

Action                   |  1- 3 |  4- 6 |  7- 9 || total
-------------------------+-------+-------+-------++-------
Melee: Spear             |   140 |   376 |   125 ||   641
       Kick              |       |    19 |    23 ||    42
 Cast: Blink             |       |     8 |       ||     8
  Use: Potion            |     6 |     4 |       ||    10
       Scroll            |       |    10 |       ||    10
 Stab: Distracted        |       |       |     1 ||     1
Armor: Leather armour    |    29 |    95 |    16 ||   140
Dodge: Dodged            |    66 |   186 |    43 ||   295

Levels and vault maps discovered:
D:1:      scummos_arrival_hexagon, layout_basic
D:2:      layout_basic, general_overflow_altar, lemuel_doored_altar,
          corexii_leaking_fountain, minmay_randomly_rotated_circles
D:3:      minmay_chambers_of_threes, layout_loops_ring, lemuel_crystal_altar,
          overflow_temple_1_default, okawaru_trees_1, lemuel_angel_altar
D:4:      layout_loops_ring, zin_academy, minmay_temple_entry_glassed_door,
          nemelex_dance_club_becter, uniq_menkaure
D:5:      layout_basic
Temple:   corrupted_temple

Notes
Turn   | Place    | Note
-------+----------+-------------------------------------------
     0 | D:1      | Dracia the Demonspawn Warper began the quest for the Orb.
     0 | D:1      | Reached XP level 1. HP: 16/16 MP: 3/3
   154 | D:1      | Reached skill level 2 in Polearms
   222 | D:1      | Reached skill level 3 in Translocations
   223 | D:1      | Gained mutation: You are immune to rotting. [demonic
                  | ancestry]
   223 | D:1      | Reached XP level 2. HP: 22/22 MP: 5/5
   414 | D:1      | Learned a level 2 spell: Blink
   754 | D:1      | Gained mutation: When seriously injured, your bleeding
                  | wounds create armour. (AC +6) [demonic ancestry]
   754 | D:1      | Reached XP level 3. HP: 27/27 MP: 6/6
  1318 | D:2      | HP: 1/27 [worker ant (7)]
  1332 | D:2      | Reached skill level 3 in Polearms
  1332 | D:2      | Reached XP level 4. HP: 8/33 MP: 7/7
  1575 | D:2      | Learned a level 3 spell: Gell's Gravitas
  2346 | D:2      | Found an opulent altar of Gozag.
  2756 | D:2      | Found a glowing golden altar of the Shining One.
  2917 | D:3      | Found an iron altar of Okawaru.
  2923 | D:3      | Found an ornate altar of the Wu Jian Council.
  3299 | D:3      | Reached skill level 4 in Translocations
  3396 | D:3      | Reached XP level 5. HP: 21/38 MP: 8/8
  3539 | D:3      | Learned a level 3 spell: Lesser Beckoning
  3580 | D:3      | Found a hazy altar of Hepliaklqana.
  4230 | D:3      | Found a glowing golden altar of the Shining One.
  4231 | D:3      | Found a runed translucent door.
  4231 | D:3      | Noticed an angel
  4399 | D:4      | Reached skill level 4 in Polearms
  4403 | D:4      | Noticed Menkaure
  4708 | D:4      | Noticed a phantom
  4733 | D:4      | Gained mutation: You have large cloven feet. [demonic
                  | ancestry]
  4733 | D:4      | Reached XP level 6. HP: 9/44 MP: 2/9
  5059 | D:4      | Reached skill level 5 in Translocations
  5312 | D:4      | Found a glowing silver altar of Zin.
  5333 | D:4      | Found a staircase to the Ecumenical Temple.
  5356 | Temple   | Entered the Ecumenical Temple
  5370 | Temple   | Became a worshipper of Lugonu the Unformed
  5370 | Temple   | Reached * piety under Lugonu
  5675 | D:4      | Found a sparkling altar of Nemelex Xobeh.
  5720 | D:4      | Killed Menkaure
  5721 | D:4      | Reached skill level 5 in Polearms
  5721 | D:4      | Reached XP level 7. HP: 15/50 MP: 10/10
  6293 | D:5      | Entered Level 5 of the Dungeon
  6892 | D:5      | Reached skill level 6 in Translocations
  6894 | D:5      | Slain by an iguana

Vanquished Creatures
  Menkaure (D:4)
  A phantom (D:4)
  An ogre (D:4)
  A gnoll sergeant (D:5)
  A scorpion (D:4)
  A howler monkey (D:4)
  An orc wizard (D:3)
  2 worker ants
  A worker ant zombie (D:5)
  4 adders
  3 gnolls (D:5)
  A shadow imp (D:4)
  2 white imps (D:5)
  An ooze (D:4)
  2 adder skeletons
  3 worms
  2 dart slugs
  3 leopard geckos
  7 orcs
  3 ball pythons
  7 giant cockroaches
  11 goblins
  7 hobgoblins
  4 jackals (D:3)
  2 quokkas
  9 bats
  5 frilled lizards
  A jackal zombie (D:5)
  7 kobolds
  2 quokka skeletons
  8 rats
104 creatures vanquished.

Table legend: (Time is in decaauts)
 A = Elapsed time spent in this place.
 B = Non-inter-level travel time spent in this place.
 C = Inter-level travel time spent in this place.
 D = Time resting spent in this place.
 E = Time spent auto-exploring this place.
 F = Levels seen in this place.
 G = Mean time per level.
                   A        B        C        D        E       F      G
               +--------+--------+--------+--------+--------+-----+--------+
         Total |   6844 |   6698 |    146 |   1373 |   4181 |   6 | 1140.7 |
       Dungeon |   6817 |   6682 |    135 |   1373 |   4175 |   5 | 1363.4 |
        Temple |     26 |     15 |     11 |      0 |      6 |   1 |   26.0 |
               +--------+--------+--------+--------+--------+-----+--------+

Top non-repeatable levels by time:
     D:3: 1697 daAuts
     D:2: 1679 daAuts
     D:4: 1642 daAuts
     D:1: 1216 daAuts
     D:5: 581 daAuts
  Temple: 26 daAuts

Table legend:
 A = Non-vault XP
 B = Vault XP
 C = Vault XP percentage of total XP
 D = Non-vault monster count
 E = Vault monster count
 F = Vault count percentage of total count
                 A         B        C        D         E       F
            +---------+---------+-------+---------+---------+-------
      Total |     766 |     271 |  26.1 |      84 |      20 |  19.2
            +---------+---------+-------+---------+---------+-------
        D:1 |      43 |       0 |   0.0 |      26 |       0 |   0.0
        D:2 |      45 |      45 |  50.0 |      10 |       6 |  37.5
        D:3 |      77 |      44 |  36.4 |      22 |      11 |  33.3
        D:4 |     426 |     182 |  29.9 |      12 |       3 |  20.0
        D:5 |     175 |       0 |   0.0 |      14 |       0 |   0.0
            +---------+---------+-------+---------+---------+-------
